Map: Reclamation LE

Players

Nyck - Winner!

  • Race: Terran Terran
  • Spawn Location: 6:00

Ekelpack - Winner!

  • Race: Zerg Zerg
  • Spawn Location: 5:00

vladmoto

  • Race: Protoss Protoss
  • Spawn Location: 12:00

DeYurikk

  • Race: Protoss Protoss
  • Spawn Location: 11:00

VOD

Have the link to the VOD?

Description

Time

  • Played on: Sept. 11, 2024, 1:48 p.m.
  • Length: 12:32
Show
View Real Time Build Order
Export as new Build Order

Nyck Terran - Winner!

Build Orders: Reaper Expand 

Get SALT Encoding   

  12  0:00  SCV  
  13  0:12  SCV  
  14  0:20  Supply Depot  
  14  0:25  SCV  
  15  0:41  SCV  
  16  0:43  Barracks  
  16  0:47  Refinery  
  16  0:53  SCV  
  17  1:06  SCV  
  18  1:20  SCV  
  19  1:36  Command Center  
  19  1:38  Reaper  
  20  1:41  Orbital Command  
  20  1:54  Refinery  
  20  1:59  Supply Depot  
  20  2:09  SCV  
  21  2:21  SCV  
  22  2:25  Factory  
  22  2:28  Barracks  
  22  2:35  Barracks Reactor  
  22  2:38  SCV  
  23  2:50  SCV  
  24  2:53  Orbital Command  
  24  3:02  SCV  
  25  3:13  Marine  
  25  3:14  SCV  
  27  3:26  SCV  
  28  3:32  SCV  
  29  3:37  Factory Tech Lab  
  29  3:39  Factory  
  29  3:42  Barracks Reactor  
  29  3:44  SCV x2, Barracks  
  31  3:56  SCV x2  
  31  4:00  Refinery  
  31  4:02  Refinery  
  33  4:08  SCV x2  
  35  4:10  Siege Tank  
  38  4:20  SCV x2  
  40  4:27  Marine x3  
  40  4:28  Marine  
  44  4:32  SCV x2, Engineering Bay  
  44  4:36  Engineering Bay  
  44  4:38  Armory  
  46  4:43  Armory  
  46  4:45  Factory Tech Lab  
  46  4:52  Supply Depot  
  46  5:13  SCV x2, Siege Tank  
  51  5:16  Terran Infantry Weapons Level 1  
  51  5:22  Terran Infantry Armor Level 1  
  51  5:25  SCV x2  
  51  5:26  Barracks Reactor  
  53  5:32  Marine  
  54  5:38  Terran Vehicle And Ship Armor Level 1  
  54  5:46  Command Center  
  54  5:55  Supply Depot  
  54  6:11  Starport  
  54  6:14  Terran Ship Weapons Level 1  
  54  6:16  SCV x2, Marine x2, Siege Tank  
  54  6:17  Supply Depot  
  61  6:29  SCV  
  62  6:39  SCV  
  63  6:40  Supply Depot  
  63  6:48  SCV  
  63  6:50  Marine x3  
  63  6:51  SCV, Marine x3  
  71  6:56  Medivac  
  71  7:00  Orbital Command, SCV  
  74  7:02  Refinery  
  74  7:03  Supply Depot  
  74  7:15  Marine  
  74  7:16  Marine x4  
  74  7:17  Marine, Refinery  
  74  7:19  Terran Infantry Weapons Level 2  
  80  7:23  Terran Infantry Armor Level 2  
  80  7:26  Command Center  
  80  7:38  SCV  
  80  7:39  SCV x2  
  83  7:45  Starport Reactor  
  83  7:50  SCV  
  83  7:51  SCV x2  
  85  7:55  Marine x5  
  85  7:56  Marine  
  92  8:00  Terran Vehicle And Ship Armor Level 2  
  92  8:08  Terran Ship Weapons Level 2  
  92  8:17  SCV x3  
  92  8:19  Marine x5  
  100  8:20  Marine  
  100  8:25  Viking x2  
  105  8:55  Viking x2  
  105  9:25  Viking  
  105  9:38  Orbital Command  
  104  9:43  SCV x3  
  107  9:47  Refinery  
  107  9:51  Marine  
  107  9:52  Marine x5, Command Center  
  112  9:55  SCV  
  112  9:57  SCV x2  
  116  10:07  SCV x2  
  116  10:09  SCV x2  
  116  10:10  Viking  
  116  10:11  Viking  
  124  10:19  SCV  
  124  10:20  SCV  
  126  10:40  Viking x2  
  126  10:41  Starport  
  126  10:42  Starport  
  130  11:00  SCV x2  
  130  11:03  SCV x2  
  134  11:06  Supply Depot  
  134  11:10  Orbital Command, Viking x2  
  138  11:21  Starport  
  138  11:24  Starport  
  138  11:28  Supply Depot  
  138  11:36  Starport Reactor x2  
  138  11:40  Viking x2  
  142  11:51  Supply Depot  
  142  12:13  Supply Depot  
Show
View Real Time Build Order
Export as new Build Order

Ekelpack Zerg - Winner!

Build Orders: Hatch First 

Get SALT Encoding   

  12  0:00  Drone  
  13  0:13  Overlord  
  13  0:17  Drone  
  14  0:32  Drone  
  15  0:48  Hatchery  
  14  0:50  Drone  
  15  1:05  Spawning Pool  
  15  1:08  Drone  
  15  1:12  Drone  
  15  1:16  Drone  
  17  1:20  Extractor  
  17  1:21  Drone  
  17  1:30  Drone  
  18  1:46  Drone  
  19  1:52  Overlord  
  19  1:53  Queen  
  21  2:04  Queen  
  21  2:07  Drone  
  24  2:13  Drone  
  24  2:14  Drone  
  26  2:20  Extractor  
  26  2:21  Drone  
  26  2:23  Drone  
  27  2:30  Lair  
  27  2:38  Drone  
  27  2:41  Drone x2  
  30  2:46  Drone  
  31  2:57  Drone  
  32  2:59  Drone x2  
  32  3:02  Extractor x2  
  32  3:04  Drone x3  
  35  3:08  Drone  
  35  3:11  Overlord  
  36  3:30  Drone x3  
  36  3:32  Overlord  
  39  3:36  Drone, Spire  
  39  3:47  Drone  
  39  3:48  Drone x2  
  42  3:55  Drone x3  
  44  3:56  Drone  
  46  4:07  Drone  
  47  4:10  Overlord  
  47  4:15  Overlord  
  47  4:22  Overlord  
  47  4:50  Mutalisk x4  
  47  4:51  Mutalisk x5  
  65  4:55  Mutalisk  
  65  4:59  Overlord  
  67  5:03  Mutalisk x2  
  67  5:05  Zerg Flyer Weapons Level 1  
  71  5:15  Mutalisk x2  
  75  5:34  Overlord  
  75  5:35  Mutalisk x3  
  79  5:38  Hatchery  
  80  6:00  Mutalisk x3  
  80  6:01  Overlord x2  
  80  6:02  Overlord x2  
  86  6:11  Mutalisk  
  86  6:12  Overlord x2  
  88  6:46  Mutalisk x4  
  88  6:47  Mutalisk x2  
  100  7:01  Zerg Flyer Weapons Level 2  
  100  7:06  Queen  
  102  7:20  Extractor  
  101  7:23  Extractor  
  98  7:52  Overlord  
  98  7:53  Mutalisk x7  
  98  7:54  Mutalisk  
  112  8:04  Zergling x12  
  118  8:12  Infestation Pit  
  117  8:21  Drone x3  
  117  8:25  Overlord  
  117  8:26  Overlord  
  120  9:30  Mutalisk  
  120  9:31  Mutalisk x3  
  128  9:40  Corruptor x2  
  128  9:41  Corruptor x6  
  144  9:52  Hive  
  144  9:53  Zerg Flyer Armor Level 1, Overlord  
  144  9:54  Overlord x3  
  144  10:16  Corruptor x6  
  146  11:30  Mutalisk x5  
  146  11:31  Mutalisk x2  
  160  11:44  Mutalisk x6  
  172  12:08  Hatchery  
Show
View Real Time Build Order
Export as new Build Order

vladmoto Protoss 

Build Orders: 1 Gate Expand, Carriers 

Get SALT Encoding   

  12  0:01  Probe  
  13  0:13  Probe  
  14  0:20  Pylon  
  14  0:25  Probe  
  15  0:38  Probe  
  15  0:41  Gateway  
  16  0:50  Probe  
  16  0:54  Gateway  
  17  1:02  Probe  
  18  1:06  Assimilator  
  18  1:30  Nexus  
  18  1:38  Pylon  
  18  1:43  Pylon  
  18  1:55  Probe  
  19  2:07  Probe  
  20  2:19  Probe  
  21  2:30  Zealot x2  
  25  2:43  Probe  
  26  2:50  Probe  
  27  2:54  Assimilator  
  27  2:55  Probe  
  28  3:00  Cybernetics Core  
  28  3:02  Probe  
  28  3:04  Pylon  
  29  3:08  Probe  
  30  3:14  Probe  
  31  3:20  Probe  
  32  3:28  Probe  
  32  3:32  Probe  
  34  3:40  Probe  
  35  3:44  Probe  
  36  4:02  Probe  
  37  4:04  Probe  
  38  4:13  Assimilator  
  38  4:14  Probe  
  38  4:16  Assimilator, Probe, Stargate  
  40  4:19  Robotics Facility  
  40  4:26  Stalker x2, Probe  
  45  4:34  Shield Battery  
  45  4:38  Probe  
  46  4:41  Probe  
  47  4:50  Probe  
  48  4:54  Probe  
  49  5:06  Fleet Beacon  
  49  5:09  Pylon  
  49  5:12  Observer  
  50  5:21  Probe x2  
  52  5:33  Probe  
  52  5:35  Probe  
  54  5:49  Stalker x2 (Chrono Boost)  
  47  6:03  Void Ray  
  43  6:11  Stalker x2  
  47  6:37  Carrier (Chrono Boost)  
  53  7:26  Probe  
  50  7:38  Probe  
  43  7:50  Probe  
  44  7:57  Pylon  
  44  8:00  Pylon  
  44  8:02  Probe  
  41  8:08  Carrier (Chrono Boost)  
  41  8:14  Pylon  
  41  8:33  Probe  
  42  8:36  Probe  
  43  8:42  Stalker x2  
  43  8:45  Probe  
  48  8:48  Probe  
  49  8:57  Stargate  
  49  8:58  Stargate  
  49  9:00  Probe  
  50  9:04  Forge  
  50  9:05  Pylon  
  50  9:06  Carrier (Chrono Boost)  
  56  9:11  Pylon  
  56  9:12  Pylon  
  56  9:13  Probe  
  57  9:48  Carrier x2 (Chrono Boost)  
  60  10:27  Photon Cannon  
  60  10:29  Photon Cannon  
  60  10:31  Photon Cannon  
  60  10:35  Photon Cannon  
  60  10:37  Photon Cannon  
  60  10:39  Photon Cannon  
  60  10:41  Photon Cannon  
  60  10:45  Carrier x2 (Chrono Boost)  
  72  10:51  Photon Cannon  
  49  11:45  Assimilator  
  61  12:09  Probe  
Show
View Real Time Build Order
Export as new Build Order

DeYurikk Protoss 

Build Orders: 1 Gate Expand 

Get SALT Encoding   

  12  0:01  Probe  
  13  0:13  Probe  
  14  0:20  Pylon  
  14  0:25  Probe  
  15  0:38  Probe  
  15  0:41  Gateway  
  16  0:52  Gateway  
  16  1:01  Assimilator  
  16  1:04  Probe  
  17  1:17  Probe  
  18  1:39  Nexus  
  18  1:44  Probe  
  18  1:47  Pylon  
  19  1:52  Zealot  
  21  2:02  Probe  
  21  2:04  Assimilator  
  22  2:09  Zealot  
  22  2:14  Probe  
  25  2:19  Zealot  
  27  2:28  Probe  
  28  2:35  Cybernetics Core  
  28  2:40  Probe  
  29  2:48  Pylon  
  29  2:58  Probe  
  30  3:10  Probe  
  31  3:14  Stalker x2  
  35  3:23  Probe  
  35  3:25  Probe  
  36  3:35  Probe  
  36  3:37  Probe  
  38  3:47  Probe  
  39  3:50  Probe  
  39  3:59  Probe  
  40  4:08  Assimilator  
  40  4:11  Probe  
  40  4:12  Assimilator  
  40  4:16  Pylon  
  41  4:17  Robotics Facility  
  41  4:21  Pylon  
  41  4:23  Probe  
  42  4:25  Stargate  
  42  4:29  Pylon  
  42  4:31  Probe (Chrono Boost)  
  43  4:35  Probe (Chrono Boost)  
  46  4:46  Shield Battery  
  46  4:47  Probe (Chrono Boost)  
  46  4:48  Probe (Chrono Boost)  
  46  4:51  Probe (Chrono Boost)  
  46  4:52  Pylon  
  46  4:59  Probe (Chrono Boost)  
  49  5:08  Probe (Chrono Boost)  
  49  5:10  Probe (Chrono Boost)  
  49  5:13  Immortal (Chrono Boost)  
  54  5:14  Probe (Chrono Boost)  
  54  5:16  Probe  
  56  5:27  Void Ray (Chrono Boost)  
  60  5:28  Probe  
  60  5:31  Probe  
  62  5:43  Probe  
  63  5:52  Robotics Bay  
  63  5:54  Phoenix (Chrono Boost)  
  63  5:55  Probe  
  63  5:56  Pylon  
  66  6:11  Phoenix  
  66  6:36  Phoenix  
  62  6:59  Forge  
  62  7:01  Shield Battery  
  62  7:03  Void Ray (Chrono Boost)  
  62  7:05  Shield Battery  
  62  7:07  Pylon  
  66  7:11  Shield Battery  
  66  7:12  Probe (Chrono Boost), Pylon  
  66  7:13  Probe (Chrono Boost)  
  70  7:23  Probe (Chrono Boost)  
  70  7:25  Probe (Chrono Boost)  
  70  7:28  Probe (Chrono Boost)  
  70  7:29  Pylon  
  71  7:32  Pylon  
  71  7:34  Protoss Air Weapons Level 1, Probe  
  71  7:36  Shield Battery  
  72  7:46  Probe  
  77  8:13  Protoss Shields Level 1  
  77  8:18  Void Ray  
  77  8:28  Photon Cannon  
  77  8:30  Photon Cannon x2  
  77  8:35  Photon Cannon  
  77  8:36  Photon Cannon  
  77  8:38  Photon Cannon  
  77  8:42  Shield Battery  
  79  9:01  Void Ray  
  71  9:54  Photon Cannon  
  71  9:56  Pylon  
  71  10:08  Nexus  
  71  10:24  Photon Cannon  
  67  10:28  Pylon  
  58  10:51  Phoenix (Chrono Boost)  
Tags
 
Add a new tag
Caveats
  • Supply blocks, unpowered buildings, or Contaminate may cause inaccurate times.
  • Supply counts are checked every 10 seconds.